 Dungeon Crawl Stone Soup version 0.29.1-debian-1-gc3f1650bb9 (webtiles) character file.

Game seed: 259556357496730830

25887 jlumianski the Cleaver (level 12, -3/93 HPs)
             Began as a Demonspawn Gladiator on Sept 12, 2022.
             Was an Elder of Qazlal.
             Slain by a catoblepas (10 damage)
             ... on level 13 of the Dungeon.
             The game lasted 01:01:17 (15052 turns).

jlumianski the Cleaver (Demonspawn Gladiator)      Turns: 15052, Time: 01:01:18

Health: -3/93      AC: 18    Str: 20    XL:     12   Next: 93%
Magic:  0/17       EV:  9    Int: 11    God:    Qazlal [****..]
Gold:   1522       SH: 10    Dex: 21    Spells: 11/11 levels left

rFire   + . .      SeeInvis +   r - +9 broad axe of the Scavenger {vorpal, rPois rF+ Int+2 Stlth-}
rCold   . . .      Faith    .   (no shield)
rNeg    . . .      Spirit   +   L - +3 plate armour {Will+}
rPois   +          Reflect  +   (helmet restricted)
rElec   .          Harm     .   (no cloak)
rCorr   .          Rampage  .   z - +0 pair of gloves
Will    +....                   (no boots)
Stlth   ..........              k - amulet of reflection
HPRegen 0.25/turn               I - +6 ring of dexterity
MPRegen 0.30/turn               F - ring of see invisible

@: repel missiles
A: horns 2, spiny 3, magic shield, magic regeneration, weakness stinger 1,
demonic touch 2
a: Renounce Religion, Upheaval, Elemental Force


You were on level 13 of the Dungeon.
You worshipped Qazlal.
Qazlal was greatly pleased with you.
You visited 2 branches of the dungeon, and saw 15 of its levels.
You also visited: Bailey.

You collected 1522 gold pieces.

Inventory:

Hand Weapons
 r - the +9 broad axe of the Scavenger (weapon) {vorpal, rPois rF+ Int+2 Stlth-}
   (You found it on level 13 of the Dungeon)

   It inflicts extra damage upon your enemies.
   Int:       It affects your intelligence (+2).
   rF:        It protects you from fire.
   rPois:     It protects you from poison.
   Stlth:     It makes you less stealthy.
 B - the +7 lajatang of Order {silver, rMut}
   (You found it on level 10 of the Dungeon)

   It inflicts extra damage upon those it strikes, and deals substantially
   increased damage to chaotic, mutated and magically transformed beings.
   rMut:      It protects you from mutation.
 J - a +3 scimitar of flaming
 P - the +4 quarterstaff of the Open Hand {spect, *Slow rN+ Int+2 Dex+4}
   (You found it on level 9 of the Dungeon)

   When its wielder attacks, the weapon's spirit leaps out and strikes again.
   The spirit shares a part of any damage it takes with its wielder.
   Int:       It affects your intelligence (+2).
   Dex:       It affects your dexterity (+4).
   rN:        It protects you from negative energy.
   *Slow:     It may slow you when you take damage.
Missiles
 d - 3 throwing nets
 e - 3 javelins
 i - 3 boomerangs (quivered)
 O - 56 poisoned darts
 X - 6 curare-tipped darts
Armour
 m - a +4 chain mail of poison resistance
 z - a +0 pair of gloves (worn)
 L - a +3 plate armour of willpower (worn)
Jewellery
 c - the amulet "Muguel" {RegenMP Fragile rPois Regen+ SInv}
   (You found it on level 10 of the Dungeon)

   [amulet of magic regeneration]

   It increases your rate of magic regeneration.
   rPois:     It protects you from poison.
   SInv:      It lets you see invisible.
   Regen:     It increases your rate of health regeneration.
   Fragile:   It will be destroyed if unequipped.
 h - a ring of flight
 k - an amulet of reflection (around neck)
 t - a ring of resist corrosion
 F - a ring of see invisible (right hand)
 I - a +6 ring of dexterity (left hand)
 N - a ring of poison resistance
 T - a +4 ring of protection
Wands
 a - a wand of digging (1)
 p - a wand of flame (30)
 v - a wand of mindburst (8)
 R - a wand of paralysis (9)
Scrolls
 b - 2 scrolls of immolation
 l - 6 scrolls of blinking
 n - 2 scrolls of identify
 o - 4 scrolls of butterflies
 q - a scroll of enchant armour
 s - a scroll of magic mapping
 C - 2 scrolls of brand weapon
 D - 2 scrolls of poison
 H - 7 scrolls of teleportation
Potions
 f - a potion of flight
 g - 3 potions of haste
 j - 4 potions of attraction
 A - a potion of curing
 G - 2 potions of resistance
 K - a potion of invisibility
 M - 2 potions of might
 Q - 2 potions of heal wounds
 V - 2 potions of cancellation
 Y - 2 potions of berserk rage


   Skills:
 + Level 8.3 Fighting
 * Level 11.5 Axes
 - Level 6.0 Staves
 + Level 2.2 Throwing
 + Level 8.7 Armour
 + Level 5.1 Dodging
 + Level 2.7 Stealth
 + Level 6.7 Shields
 * Level 6.7 Invocations
 * Level 5.2 Evocations


You had 11 spell levels left.
You didn't know any spells.
Your spell library contained the following spells:

 Spells                   Type           Power      Damage    Failure   Level
 Magic Dart               Conj           0%         1d3       100%        1
 Slow                     Hex            0%         N/A       100%        1
 Summon Small Mammal      Summ           0%         N/A       100%        1
 Scorch                   Fire           0%         2d5       100%        2
 Searing Ray              Conj           0%         2d4       100%        2
 Sublimation of Blood     Necr           0%         N/A       100%        2
 Wereblood                Tmut           0%         N/A       100%        2
 Call Canine Familiar     Summ           0%         N/A       100%        3
 Confusing Touch          Hex            0%         N/A       100%        3
 Dazzling Flash           Conj/Hex       0%         N/A       100%        3
 Gell's Gravitas          Tloc           0%         N/A       100%        3
 Ignite Poison            Fire/Tmut/Pois 0%         N/A       100%        3
 Mephitic Cloud           Conj/Pois/Air  0%         N/A       100%        3
 Stone Arrow              Conj/Erth      0%         3d7       100%        3
 Summon Guardian Golem    Hex/Summ       0%         N/A       100%        3
 Teleport Other           Tloc           0%         N/A       100%        3
 Tukima's Dance           Hex            0%         N/A       100%        3
 Vampiric Draining        Necr           0%         2d6       100%        3
 Flame Wave               Conj/Fire      0%         2d4       100%        4
 Fulminant Prism          Conj/Hex       0%         3d6       100%        4
 Olgreb's Toxic Radiance  Pois           0%         N/A       100%        4
 Passage of Golubria      Tloc           0%         N/A       100%        4
 Agony                    Necr           0%         N/A       100%        5
 Fireball                 Conj/Fire      0%         3d3       100%        5
 Freezing Cloud           Conj/Ice/Air   0%         6-21      100%        5
 Silence                  Hex/Air        0%         N/A       100%        5
 Yara's Violent Unravell  Hex/Tmut       0%         3d3       100%        5
 Dispersal                Tloc           0%         N/A       100%        6
 Summon Cactus Giant      Summ           0%         N/A       100%        6
 Summon Hydra             Summ           0%         N/A       100%        7


Dungeon Overview and Level Annotations

Branches:
Dungeon (14/15)            Temple (1/1) D:5            Lair (0/5) D:11
    Orc (0/2) D:12         Bailey (visited)
 Vaults: D:13-14

Altars:
Ashenzari
Cheibriados
Dithmenos
Fedhas
Gozag
Hepliaklqana
Kikubaaqudgha
Makhleb
Nemelex Xobeh
Okawaru
Qazlal
Ru
Sif Muna
Trog
Uskayaw
Vehumet
Wu Jian
Xom
Yredelemnul

Shops:
D:5 =

Annotations:
D:13 Rupert


Innate Abilities, Weirdness & Mutations

You have a pair of horns on your head.
You are completely covered in sharp spines.
When hurt, damage is shared between your health and your magic reserves.
You regenerate magic rapidly.
You have a small tail.
Your touch may inflict irresistible damage on your foes.


Message History

Rupert is lightly wounded.
You slash the catoblepas! Rupert closely misses you.
You block the catoblepas's attack.
You slash Rupert!
You touch Rupert!
Rupert is moderately wounded.
You hit the catoblepas. Rupert is struck by your spines.
Rupert closely misses you. The catoblepas gores you!
Rupert is struck by lightning.
You block Rupert's attack. You block Rupert's attack.
The catoblepas gores you but does no damage.
The catoblepas attacks as you move away!
The catoblepas gores you. Rupert is struck by your spines.
Rupert hits you with a +1 great mace of protection!
Rupert is struck by lightning.
Rupert hits you with a +1 great mace of protection!
You hit Rupert.
Rupert is heavily wounded.
You hit the catoblepas. Rupert is struck by your spines.
Rupert barely misses you. You block the catoblepas's attack.
You barely miss Rupert. You headbutt Rupert.
Rupert is heavily wounded.
You slash the catoblepas! Rupert is struck by your spines.
Rupert hits you with a +1 great mace of protection!
The catoblepas is struck by your spines.
The catoblepas gores you. Rupert is struck by your spines.
Rupert closely misses you.
You slash Rupert! You headbutt Rupert, but do no damage.
Your tail-slap misses Rupert.
You touch Rupert!
Rupert is severely wounded.
You hit the catoblepas.
Rupert hits you with a +1 great mace of protection!!
* * * LOW HITPOINT WARNING * * *
The catoblepas breathes a plume of calcifying dust at you.
The blast of calcifying dust hits you but does no damage.
Rupert attacks as you move away!
Rupert hits you with a +1 great mace of protection!
* * * LOW HITPOINT WARNING * * *
The catoblepas attacks as you move away!
The catoblepas gores you!
You die...

#..# #..### ##.#
##...# ####'### ###.#
#......# ######'##
#......# ###.......#
#......# #.'.....(.#
#.°.°..# #.#.......#
#....Y># #.#.......#
#...@@.###.#.......#
#.°§°§.##..#.......##
#.§°.§.#..##.......'.
#......#.###.<.....##
#......'.# ######'##
#......### #...#
####.### ##.###
###...### #..#
#.......# ###.######


You could see Rupert (berserk) and a catoblepas.

Vanquished Creatures
  3 centaur warriors
  A two-headed ogre (D:10)
  The ghost of spaghetti the Fighter, a novice NaFi of Makhleb (D:7)
  2 boulder beetles (D:10)
  2 tengu warriors
  A skeletal warrior (D:10)
  Pikel (D:3)
  An orc knight (Bailey)
  A deep elf zephyrmancer (Bailey)
  A wolf spider (D:10)
  An ugly thing (D:12)
  A cyclops (D:13)
  A komodo dragon (shapeshifter) (D:10)
  2 efreet (D:10)
  A yaktaur (D:12)
  3 kobold demonologists
  A freezing wraith (D:12)
  4 unseen horrors
  A tengu conjurer (D:13)
  8 trolls
  A troll (shapeshifter) (D:10)
  Grinder (D:6)
  2 hornets
  9 slime creatures
  Sigmund (D:5)
  3 shadows
  3 wraiths (D:11)
  2 wyverns
  2 basilisks
  A vampire (D:10)
  5 yaks
  A steam dragon (D:8)
  Menkaure (D:4)
  5 vampire mosquitoes
  4 acid dragons
  A water moccasin (D:5)
  Duvessa (D:5)
  10 orc warriors
  3 black bears
  A sky beast (D:8)
  A meliai simulacrum (D:12)
  3 wolves (D:11)
  3 ice beasts
  An ogre (D:4)
  5 centaurs
  2 phantoms (D:5)
  5 kobold brigands
  2 bullfrogs
  2 necrophages
  4 scorpions
  5 wights
  Dowan (D:5)
  15 killer bees
  An electric eel (D:11)
  9 howler monkeys
  7 hounds
  A jelly (D:6)
  9 orc priests
  Natasha (thrice) (D:2)
  3 iguanas
  12 orc wizards
  Robin (D:4)
  7 gnolls
  12 adders
  A white imp (D:8)
  A worm (D:5)
  The ghost of shadownightmare the Covert, a weakling GnDe (D:4)
  3 dart slugs
  35 orcs
  10 endoplasms
  4 giant cockroaches
  17 goblins
  11 hobgoblins
  4 jackals (D:2)
  27 kobolds
  5 quokkas
  5 ball pythons
  9 bats
  4 frilled lizards
  5 rats
350 creatures vanquished.

Vanquished Creatures (collateral kills)
  A wyvern (D:8)
  2 killer bees (D:8)
3 creatures vanquished.

Vanquished Creatures (others)
  2 kobolds (D:8)
2 creatures vanquished.

Grand Total: 355 creatures vanquished

Notes
Turn   | Place    | Note
-------+----------+-------------------------------------------
     0 | D:1      | jlumianski the Demonspawn Gladiator began the quest for the
                  | Orb.
     0 | D:1      | Reached XP level 1. HP: 16/16 MP: 1/1
   267 | D:1      | Reached skill level 3 in Axes
   267 | D:1      | Gained mutation: You are partially covered in sharp spines.
                  | [demonic ancestry]
   267 | D:1      | Reached XP level 2. HP: 16/22 MP: 2/2
   827 | D:1      | Got the Compendium of the Assassin and Arcane Weapons
   866 | D:1      | Found a faded altar of an unknown god.
  1153 | D:2      | Gained mutation: You are mostly covered in sharp spines.
                  | [demonic ancestry]
  1153 | D:2      | Reached XP level 3. HP: 27/27 MP: 3/3
  1204 | D:2      | Noticed Natasha
  1209 | D:2      | Killed Natasha
  1221 | D:2      | Reached XP level 4. HP: 30/34 MP: 4/4
  1284 | D:2      | Noticed Natasha
  1299 | D:2      | Killed Natasha
  1345 | D:2      | Reached skill level 1 in Armour
  1361 | D:2      | Noticed Natasha
  1365 | D:2      | Killed Natasha
  1372 | D:2      | Discovered your monstrous ancestry.
  1372 | D:2      | Gained mutation: Your touch may inflict minor irresistible
                  | damage on your foes. [demonic ancestry]
  1372 | D:2      | Reached XP level 5. HP: 36/39 MP: 5/5
  1458 | D:2      | Reached skill level 4 in Axes
  1465 | D:2      | Reached skill level 1 in Stealth
  2114 | D:3      | You fall into a shaft and drop 2 floors!
  2114 | D:5      | Entered Level 5 of the Dungeon
  2197 | D:5      | Noticed a phantom
  2206 | D:5      | Killed a phantom
  2207 | D:5      | Gained mutation: You regenerate magic rapidly. [demonic
                  | ancestry]
  2207 | D:5      | Reached XP level 6. HP: 35/47 MP: 6/6
  2335 | D:5      | Noticed Dowan
  2353 | D:5      | Reached skill level 1 in Shields
  2356 | D:5      | Noticed Duvessa
  2376 | D:5      | Killed Duvessa
  2377 | D:5      | Reached skill level 5 in Axes
  2377 | D:5      | Gained mutation: You are completely covered in sharp
                  | spines. [demonic ancestry]
  2377 | D:5      | Reached XP level 7. HP: 49/52 MP: 7/7
  2379 | D:5      | Killed Dowan
  2689 | D:4      | HP: 2/52 [ogre/+0 giant club (18)]
  3104 | D:4      | Found a runed translucent gate.
  3214 | D:4      | Found a runed translucent gate.
  3215 | D:4      | Found a runed translucent gate.
  3217 | D:4      | Noticed shadownightmare's ghost (weakling GnDe)
  3334 | D:4      | Noticed Pikel
  3476 | D:3      | Killed Pikel
  3477 | D:3      | Reached skill level 6 in Axes
  3477 | D:3      | Gained mutation: You have a pair of small horns on your
                  | head. [demonic ancestry]
  3477 | D:3      | Reached XP level 8. HP: 60/60 MP: 8/8
  3492 | D:3      | Found an ancient bone altar of Kikubaaqudgha.
  3492 | D:3      | Found a sparkling altar of Nemelex Xobeh.
  4431 | D:4      | Noticed Robin
  4445 | D:4      | Killed Robin
  4615 | D:4      | Noticed Menkaure
  4621 | D:4      | Killed Menkaure
  4622 | D:4      | Reached skill level 7 in Axes
  5176 | D:4      | Killed shadownightmare's ghost
  5235 | D:5      | Noticed Sigmund
  5248 | D:5      | Killed Sigmund
  5265 | D:5      | Gained mutation: You have a pair of horns on your head.
                  | [demonic ancestry]
  5265 | D:5      | Reached XP level 9. HP: 64/66 MP: 9/9
  5614 | D:5      | Found a staircase to the Ecumenical Temple.
  5619 | Temple   | Entered the Ecumenical Temple
  5685 | Temple   | Became a worshipper of Qazlal Stormbringer
  5754 | D:5      | Found Midaclie's Jewellery Boutique.
  6009 | D:7      | Reached skill level 5 in Armour
  6035 | D:7      | Reached skill level 5 in Fighting
  6035 | D:7      | Reached skill level 8 in Axes
  6202 | D:8      | Reached * piety under Qazlal
  6253 | D:8      | Found a flagged portal.
  6288 | Bailey   | Entered a bailey
  6708 | Bailey   | Noticed an orc knight
  6716 | Bailey   | Reached skill level 9 in Axes
  6724 | Bailey   | Killed an orc knight
  6725 | Bailey   | Gained mutation: When hurt, damage is shared between your
                  | health and your magic reserves. [demonic ancestry]
  6725 | Bailey   | Reached XP level 10. HP: 25/75 MP: 10/10
  6725 | Bailey   | Found a large runed translucent door.
  6725 | Bailey   | Found a large runed translucent door.
  6968 | Bailey   | Noticed a deep elf zephyrmancer
  7004 | Bailey   | Killed a deep elf zephyrmancer
  7355 | D:7      | Reached ** piety under Qazlal
  7843 | D:6      | Found an ornate altar of the Wu Jian Council.
  7844 | D:6      | Noticed Grinder
  7853 | D:6      | Killed Grinder
  7927 | D:6      | Found an opulent altar of Gozag.
  8262 | D:8      | Reached skill level 10 in Axes
  8324 | D:10     | Entered Level 10 of the Dungeon
  8413 | D:8      | Found a runed translucent gate.
  8413 | D:8      | Found a runed translucent gate.
  8414 | D:8      | Found a runed translucent gate.
  8416 | D:8      | Noticed spaghetti's ghost (novice NaFi)
  8613 | D:8      | Found a radiant altar of Vehumet.
  8675 | D:8      | Reached skill level 5 in Shields
  9211 | D:9      | Found a basalt altar of Yredelemnul.
  9273 | D:9      | Noticed a +0 falchion
  9273 | D:9      | Noticed a +0 short sword
  9273 | D:9      | Noticed a +0 falchion
  9274 | D:9      | Noticed a +0 short sword
  9274 | D:9      | Noticed a +0 dagger
  9279 | D:9      | Noticed a +0 dagger
  9280 | D:9      | Noticed a +0 spear
  9280 | D:9      | Noticed a +0 spear
  9286 | D:9      | Found a hide-covered altar of Uskayaw.
  9289 | D:9      | Identified the +4 quarterstaff of the Open Hand {spect,
                  | *Slow rN+ Int+2 Dex+4}
  9418 | D:9      | Paralysed by a hornet for 3 turns
  9607 | D:7      | Killed spaghetti's ghost
  9608 | D:7      | Gained mutation: Your touch may inflict irresistible damage
                  | on your foes. [demonic ancestry]
  9608 | D:7      | Reached XP level 11. HP: 81/82 MP: 11/11
  9928 | D:10     | Reached *** piety under Qazlal
 10014 | D:11     | Reached skill level 5 in Dodging
 10044 | D:11     | Noticed a boulder beetle
 10176 | D:10     | Noticed a centaur warrior
 10182 | D:10     | Killed a centaur warrior
 10183 | D:10     | Reached skill level 11 in Axes
 10186 | D:10     | Reached skill level 1 in Invocations
 10269 | D:10     | Noticed a tengu warrior
 10286 | D:10     | Killed a tengu warrior
 10287 | D:10     | Reached skill level 1 in Evocations
 10533 | D:10     | Identified a scroll of acquirement
 10632 | D:10     | Noticed a boulder beetle
 10632 | D:10     | Noticed a centaur warrior
 10651 | D:10     | Killed a centaur warrior
 10672 | D:10     | Killed a boulder beetle
 10692 | D:10     | Identified the amulet "Muguel" {RegenMP Fragile rPois
                  | Regen+ SInv}
 10697 | D:10     | Acquired the +6 war axe "Ymolibbi" {venom, rC+ Int+2}
 10969 | D:10     | Noticed a skeletal warrior
 10977 | D:10     | Killed a skeletal warrior
 11183 | D:10     | Noticed a two-headed ogre
 11189 | D:10     | Killed a two-headed ogre
 11223 | D:10     | Found the +7 lajatang of Order {silver, rMut}
 11223 | D:10     | Noticed a wolf spider
 11231 | D:10     | Gained mutation: You have a small tail. [demonic ancestry]
 11231 | D:10     | Reached XP level 12. HP: 80/91 MP: 12/15
 11245 | D:10     | Reached skill level 5 in Invocations
 11752 | D:10     | Reached skill level 1 in Staves
 12144 | D:10     | Killed a boulder beetle
 12418 | D:12     | Noticed a centaur warrior
 12597 | D:11     | Found a staircase to the Lair.
 13192 | D:12     | Found a staircase to the Orcish Mines.
 13193 | D:12     | Reached **** piety under Qazlal
 13902 | D:12     | Reached skill level 5 in Staves
 14240 | D:12     | Killed a centaur warrior
 14317 | D:12     | Reached skill level 5 in Evocations
 14489 | D:14     | Noticed a catoblepas
 14497 | D:14     | Noticed Rupert
 14497 | D:14     | Noticed a rakshasa
 14692 | D:13     | Identified the +9 broad axe of the Scavenger {vorpal, rPois
                  | rF+ Int+2 Stlth-}
 14933 | D:13     | Noticed a tengu warrior
 14946 | D:13     | Killed a tengu warrior
 15041 | D:14     | Noticed a centaur warrior
 15052 | D:13     | Slain by a catoblepas

Illustrated notes

Levels and vault maps discovered:
D:1:      minmay_arrival_five_plusses, layout_loops_ring,
          hellmonk_ecumenical_altar_slurped_away, hex_medium
D:2:      layout_loops_cross, minmay_fountain_box, uniq_natasha
D:3:      minmay_chambers_of_twos, layout_loops_ring, minitemple
D:4:      layout_basic, ebering_ghost_rock_garden, fountainhead, uniq_pikel,
          uniq_robin, uniq_menkaure
D:5:      layout_cave_pools, temple_doors_cd, nicolae_stop_n_shop_1,
          uniq_duvessa, uniq_sigmund
D:6:      layout_rooms, nzn_wu_jian_contemplation, grunt_gozag_statues,
          uniq_grinder
D:7:      layout_basic, kennysheep_decorative_pillar, kennysheep_generic_room_5
D:8:      layout_rooms, fiery_altar_vehumet, gammafunk_ghost_split,
          enter_bailey_3, minivault_11
D:9:      layout_roguey, kennysheep_ying_yang, nicolae_uskayaw_en_pointe
D:10:     minmay_the_grid_square_5x5_4x4
          [minmay_the_grid_square_5x5_fancy_junction,
          minmay_the_grid_square_5x5_z, minmay_the_grid_square_5x5_checkered,
          minmay_the_grid_square_5x5_sharp_hourglass,
          minmay_the_grid_square_5x5_broken_cross,
          minmay_the_grid_square_5x5_prize_snowflake,
          minmay_the_grid_square_5x5_prize_junk,
          minmay_the_grid_square_5x5_inner_v,
          minmay_the_grid_square_5x5_checkered_sparse,
          minmay_the_grid_square_5x5_prize_monsterx,
          minmay_the_grid_square_5x5_prize_deathbox,
          minmay_the_grid_square_5x5_almost_minimal,
          minmay_the_grid_square_5x5_n_small,
          minmay_the_grid_square_5x5_minibox,
          minmay_the_grid_square_5x5_two_walls_a,
          minmay_the_grid_square_5x5_corner], layout_rooms
D:11:     layout_cross, erik_lair_island
D:12:     cheibrodos_elevator_heist, layout_basic,
          minmay_orc_entry_temple_small, dk_noncrumbling_3
D:13:     layout_roguey
D:14:     layout_gridville, skrybe_vaults_entry_preservation, uniq_rupert
Temple:   compressed_dpeg_triangle_lava_temple

Skill      XL: |  1  2  3  4  5  6  7  8  9 10 11 12 |
---------------+-------------------------------------+-----
Axes           | 3 4 5 6 7 9 10 11 | 11.5
Dodging        | 3 4 5 |  5.1
Armour         | 1 2 3 4 6 7 8 |  8.7
Stealth        | 1 2 |  2.7
Fighting       | 3 4 5 6 7 8 |  8.3
Shields        | 1 2 4 5 6 |  6.7
Throwing       | 2 |  2.2
Invocations    | 4 6 |  6.7
Evocations     | 3 5 |  5.2
Staves         | 6 |  6.0

Action                   |  1- 3 |  4- 6 |  7- 9 | 10-12 || total
-------------------------+-------+-------+-------+-------++-------
Melee: War axe           |    58 |    58 |   210 |   237 ||   563
       Touch             |       |     8 |    38 |    63 ||   109
       Punch             |       |     1 |     2 |     2 ||     5
       Headbutt          |       |       |    37 |    94 ||   131
       Lajatang          |       |       |       |   128 ||   128
       Tailslap          |       |       |       |    32 ||    32
       Broad axe         |       |       |       |    18 ||    18
Throw: Boomerang         |       |     2 |     2 |     2 ||     6
Invok: Upheaval          |       |       |       |     4 ||     4
       Elemental Force   |       |       |       |     1 ||     1
Evoke: Wand              |       |       |     1 |     2 ||     3
  Use: Scroll            |       |     6 |    11 |    10 ||    27
       Potion            |       |     2 |     4 |     1 ||     7
 Stab: Sleeping          |     1 |       |       |       ||     1
Armor: Leather armour    |    16 |    11 |       |       ||    27
       Chain mail        |       |       |    55 |       ||    55
       Plate armour      |       |       |    25 |   228 ||   253
Dodge: Dodged            |    48 |    23 |    67 |   156 ||   294
Block: Other             |     7 |    19 |    64 |   210 ||   300
       Reflection        |     1 |       |     1 |    21 ||    23
